 Dungeon Crawl Stone Soup version 0.26-a0-665-gefeb406119 (console) character file.

Game seed: 5525588244386491571

152 om the Shield-Bearer (level 5, -3/46 HPs)
             Began as a Minotaur Fighter on Oct 15, 2020.
             Was a Believer of Uskayaw.
             Slain by Pikel
             ... wielding a +1 whip of electrocution
              (6 damage)
             ... on level 4 of the Dungeon.
             The game lasted 00:04:25 (2068 turns).

om the Shield-Bearer (Minotaur Fighter)             Turns: 2068, Time: 00:04:25

Health: -3/46      AC:  7    Str: 21    XL:     5   Next: 11%
Magic:  2/5        EV:  7    Int:  5    God:    Uskayaw [**....]
Gold:   241        SH: 10    Dex: 10    Spells: 4/4 levels left

rFire    . . .     SeeInvis .   a - +1 war axe
rCold    . . .     Faith    .   c - +1 kite shield
rNeg     . . .     Spirit   .   b - +0 scale mail
rPois    .         Reflect  .   (helmet restricted)
rElec    .         Harm     .   (no cloak)
rCorr    .         Rampage  .   (no gloves)
MR       .....     Rnd*Tele +   (no boots)
Stlth    ..........             (no amulet)
HPRegen  0.15/turn              g - ring of teleportation (curse)
MPRegen  0.09/turn              (no ring)

@: no status effects
A: retaliatory headbutt, horns 2
a: Stomp, Line Pass, Renounce Religion


You were on level 4 of the Dungeon.
You worshipped Uskayaw.
Uskayaw was noncommittal.
You visited 1 branch of the dungeon, and saw 4 of its levels.

You collected 241 gold pieces.

Inventory:

Hand Weapons
 a - a +1 war axe (weapon)
Armour
 b - a +0 scale mail (worn)
 c - a +1 kite shield (worn)
Jewellery
 g - a cursed ring of teleportation (left hand)
 q - an uncursed ring of protection from cold {unknown}
Scrolls
 i - 3 scrolls of identify
 j - a scroll of amnesia {unknown}
 l - a scroll of immolation {unknown}
 m - 2 scrolls of teleportation
 o - a scroll of magic mapping {unknown}
 p - a scroll of remove curse {unknown}
 r - a scroll of enchant weapon
 s - a scroll of fog {unknown}
 t - a scroll of blinking {unknown}
Potions
 d - a potion of might
 e - 2 potions of heal wounds
 f - 3 potions of flight
 h - 2 potions of brilliance {unknown}
 k - 3 potions of haste
 n - a potion of mutation {unknown}


   Skills:
 - Level 4.0 Fighting
 * Level 4.3 Axes
 + Level 4.4 Armour
 + Level 4.4 Shields
 * Level 1.9 Invocations


You had 4 spell levels left.
You didn't know any spells.
Your spell library contained the following spells:

 Spells                   Type           Power        Failure   Level
 Magic Dart               Conj           #...         99%         1
 Blink                    Tloc           N/A          100%        2
 Call Imp                 Summ           #.......     100%        2
 Slow                     Hex            #.......     100%        2
 Conjure Flame            Conj/Fire      #.......     100%        3
 Mephitic Cloud           Conj/Pois/Air  #.......     100%        3


Dungeon Overview and Level Annotations

Branches:
Dungeon (4/15)
 Temple: D:4-7

Altars:
Ashenzari
Qazlal
Uskayaw
Vehumet
Wu Jian
The Shining One

Annotations:
D:4 exclusion: statue, Pikel


Innate Abilities, Weirdness & Mutations

You reflexively headbutt those who attack you in melee.
You have a pair of horns on your head.


Message History

Pikel is severely wounded.
Pikel hits you with a +1 whip of electrocution.
You are electrocuted!!
* * * LOW HITPOINT WARNING * * *
Pikel hits you with a +1 whip of electrocution.
* * * LOW HITPOINT WARNING * * *
You can now pass through a line of other dancers.
You barely miss Pikel. Your headbutt misses Pikel.
Pikel is severely wounded.
You block Pikel's attack.
You stomp with the beat, sending a shockwave through the revelers around you!
Pikel is almost dead.
You can no longer pass through a line of other dancers.
You block Pikel's attack.
You can now pass through a line of other dancers.
Okay, then.
You hit Pikel but do no damage. Your headbutt misses Pikel.
Pikel is almost dead.
Pikel hits you with a +1 whip of electrocution.
You die...

#.#.. #.#
######.#
######......#
........#####
########.#
..[....#.#
.8._....†##
.......#..#
#########..#
....55K@...#
...#55##...#
.... #####
.#.# #


You could see Pikel and 4 lemures.

Vanquished Creatures
  A worker ant (D:4)
  4 adders
  An ooze (D:2)
  2 worms (D:2)
  A dart slug (D:2)
  5 leopard geckos
  3 orcs (D:3)
  4 giant cockroaches
  5 goblins
  4 hobgoblins
  8 jackals (D:1)
  3 quokkas
  A ball python (D:3)
  12 bats
  3 frilled lizards
  7 kobolds
  7 rats
71 creatures vanquished.

Notes
Turn   | Place    | Note
-------+----------+-------------------------------------------
     0 | D:1      | om the Minotaur Fighter began the quest for the Orb.
     0 | D:1      | Reached XP level 1. HP: 19/19 MP: 0/0
    81 | D:1      | Reached XP level 2. HP: 27/27 MP: 1/1
   163 | D:1      | Found a broken altar of Ashenzari.
   724 | D:2      | Found a faded altar of an unknown god.
   735 | D:2      | Reached XP level 3. HP: 30/33 MP: 2/2
   770 | D:2      | Became a worshipper of Uskayaw the Reveler
   770 | D:2      | Reached * piety under Uskayaw
   892 | D:2      | Reached ** piety under Uskayaw
  1023 | D:2      | Found a stormy altar of Qazlal.
  1036 | D:2      | Reached *** piety under Uskayaw
  1037 | D:2      | Reached skill level 1 in Invocations
  1072 | D:2      | Reached XP level 4. HP: 35/40 MP: 3/3
  1504 | D:3      | Found an ornate altar of the Wu Jian Council.
  1616 | D:3      | Found a glowing golden altar of the Shining One.
  2018 | D:4      | Reached XP level 5. HP: 46/46 MP: 5/5
  2041 | D:4      | Found a radiant altar of Vehumet.
  2041 | D:4      | Noticed a charred statue
  2055 | D:4      | Noticed a lemure
  2056 | D:4      | Noticed a lemure
  2056 | D:4      | Noticed a lemure
  2057 | D:4      | Noticed Pikel
  2059 | D:4      | Noticed a lemure
  2065 | D:4      | HP: 2/46 [Pikel/+1 whip of electrocution (2)]
  2068 | D:4      | Slain by Pikel

Illustrated notes

Levels and vault maps discovered:
D:1:      mrwooster_arrival_arrow, layout_rooms, evilmike_ruin_ashenzari
D:2:      layout_loops_cross, overflow_temple_1_default,
          chequers_ecumenical_altar_simple, minmay_small_reverse_x
D:3:      layout_rooms, lemuel_round_altar, nicolae_tso_carved_into_rock
D:4:      layout_basic, vehumet_statue, kennysheep_little_box, uniq_grinder,
          uniq_ijyb, uniq_pikel

Skill      XL: |  1  2  3  4 |
---------------+-------------+-----
Axes           | 3 4 |  4.3
Armour         | 4 |  4.4
Fighting       | 4 |  4.0
Shields        | 4 |  4.4
Invocations    | 1 |  1.9

Action                   |  1- 3 |  4- 6 || total
-------------------------+-------+-------++-------
Melee: War axe           |    87 |    69 ||   156
       Headbutt          |    11 |    10 ||    21
Invok: Stomp             |       |     1 ||     1
  Use: Scroll            |     6 |     1 ||     7
 Stab: Paralysed         |     1 |       ||     1
Armor: Scale mail        |    48 |    33 ||    81
Dodge: Dodged            |    26 |    26 ||    52
Block: Kite shield       |    49 |    39 ||    88

Table legend: (Time is in decaauts)
 A = Elapsed time spent in this place.
 B = Non-inter-level travel time spent in this place.
 C = Inter-level travel time spent in this place.
 D = Time resting spent in this place.
 E = Time spent auto-exploring this place.
 F = Levels seen in this place.
 G = Mean time per level.
                   A        B        C        D        E       F      G
               +--------+--------+--------+--------+--------+-----+--------+
         Total |   2129 |   2070 |     59 |      0 |   1591 |   4 |  532.2 |
       Dungeon |   2129 |   2070 |     59 |      0 |   1591 |   4 |  532.2 |
               +--------+--------+--------+--------+--------+-----+--------+

Top non-repeatable levels by time:
     D:2: 761 daAuts
     D:1: 740 daAuts
     D:3: 542 daAuts
     D:4: 85 daAuts
